 Dungeon Sprint DCSS version 0.16.1-2-g95b8d4c (webtiles) character file.

10100000 miro the Conqueror (level 25, -33/280 HPs)
             Began as a Demonspawn Venom Mage on Mar 25, 2015.
             Was the Champion of Makhleb.
             Killed from afar by an observer (56 damage)
             ... with a fireball
             ... in the Dungeon (Sprint VIII: "Arena of Blood").
             The game lasted 00:10:48 (101 turns).

miro the Conqueror (Demonspawn Venom Mage)           Turns: 101, Time: 00:10:48

Health: -33/280    AC:  4    Str: 16    XL:     25   Next: 19%
Magic:  49/49      EV: 45    Int: 16    God:    Makhleb [******]
Gold:   0          SH:  0    Dex: 29    Spells: 1 memorised, 77 levels left

rFire  . . .     SeeInvis +     j - +∞ Axe of Woe
rCold  . . .     Clarity  .     a - +0 robe
rNeg   . . .     SustAb   .     (no shield)
rPois  .         Gourm    .     (helmet unavailable)
rElec  .         Spirit   .     (no cloak)
rCorr  .         Warding  .     (gloves unavailable)
rMut   .         NoTele   +     (boots unavailable)
MR     +....                    (no amulet)
Stlth  ++++++++++               (no ring)
                                k - ring of see invisible

@: mighty, agile, drained, somewhat resistant to hostile enchantments, uncannily
stealthy
A: claws 3, hooves 3, horns 3, demonic guardian 3, powered by pain 2, robust 2
a: Minor Destruction, Lesser Servant of Makhleb, Major Destruction, Greater
Servant of Makhleb, Renounce Religion


You were in the Dungeon.
You worshipped Makhleb.
Makhleb was exalted by your worship.
You were not hungry.

You visited 1 branch

Inventory:

Hand weapons
 j - the +∞ Axe of Woe (weapon)
   (You found it in the Dungeon)
Armour
 a - a +0 robe (worn)
Jewellery
 k - a ring of see invisible (left claw)
Scrolls
 i - a scroll of blinking
Potions
 d - a potion of curing
 e - a potion of heal wounds
 f - a potion of haste
 g - 2 potions of magic
 h - a potion of berserk rage
Books
 b - a Young Poisoner's Handbook

   Spells                             Type                      Level
   a - Sting                          Conjuration/Poison           1
   b - Cure Poison                    Poison                       2
   c - Mephitic Cloud                 Conjuration/Poison/Air       3
   d - Olgreb's Toxic Radiance        Poison                       4
   e - Venom Bolt                     Conjuration/Poison           5
Comestibles
 c - a bread ration


   Skills:
 O Level 27(25.5) Fighting
 O Level 27(25.5) Axes
 O Level 27(25.5) Throwing
 O Level 27(25.5) Armour
 O Level 27(25.5) Dodging
 O Level 27(25.5) Stealth
 O Level 27(25.5) Unarmed Combat
 O Level 27(25.5) Spellcasting
 O Level 27(25.5) Conjurations
 O Level 27(25.5) Poison Magic
 O Level 27(25.5) Invocations


You had 77 spell levels left.
You knew the following spells:

 Your Spells              Type           Power        Failure   Level  Hunger
a - Sting                 Conj/Pois      ####         0%          1    None


Dungeon Overview and Level Annotations

Branches:
Dungeon (1/1)

Altars:
Makhleb


Innate Abilities, Weirdness & Mutations

You have claws for hands.
You have hooves in place of feet.
You have a pair of large horns on your head.
A powerful demonic guardian rushes to your aid.
You sometimes gain power by taking damage.
You are very robust (+20% HP).


Message History

Something smites you!
* * * LOW HITPOINT WARNING * * *
You hear a shout! x6
You hit the wretched soul!!!
You dissect the wretched soul like a pig carcass.
You destroy the wretched soul!
Makhleb accepts your kill.
You feel a little better.
You hear a shout! x11
The wretched soul breathes negative energy at you.
The bolt of negative energy hits your reaper.
Your reaper completely resists.
The bolt of negative energy hits you!
You feel drained.
* * * LOW HITPOINT WARNING * * *
You hear a shout! x3
The observer gazes at you.
The fireball explodes!
The fireball engulfs your sun demon.
Your sun demon completely resists.
The fireball engulfs you!
You die...

... .......)))##
........O.....###.)..
......... .......#%).%
.....o............#))..
#......o..#....%.%.)))..
.......#.#.#.%....))..
#. .W....#.#..%...).%..
#..# #...#G#W#..%..)))..
#.... #@3.#.#.....#)))..
#.....#....G.......%))..
#.....))##2......##)#...
####..)§§##)W...%.......
####§§§D)M####....#..
####M....)%).)..§§
####.........§)
####.....§§X #########


You could see an accursed, 2 observers, 2 wretched souls, a meat berserker
(berserk), 2 bags of meat, a friendly reaper and a friendly sun demon.

Vanquished Creatures
  A hell beast (D)
  5 hill giants (D)
  4 liches (D)
  22 ogres (D)
  36 orcs (D)
  4 phantoms (D)
  7 skeletal warriors (D)
  8 vampire knights (D)
  2 tentacled monstrosities (D)
  2 small abominations (D)
  5 large abominations (D)
  5 crawling corpses (D)
101 creatures vanquished.

Vanquished Creatures (others)
  A soul eater (D)
  A sun demon (D)
  An ice devil (D)
  A sixfirhy (D)
  A smoke demon (D)
  An iron imp (D)
6 creatures vanquished.

Grand Total: 107 creatures vanquished

Notes
Turn   | Place    | Note
--------------------------------------------------------------
     0 | D        | miro, the Demonspawn Venom Mage, began the quest for the Orb.
     0 | D        | Reached XP level 1. HP: 13/13 MP: 3/3
     3 | D        | Noticed a bag of meat
     3 | D        | Noticed a meat berserker
     4 | D        | Became a worshipper of Makhleb the Destroyer
     6 | D        | Killed a meat berserker
     6 | D        | Reached skill level 15 in Fighting
     6 | D        | Gained mutation: You sometimes gain a little power by taking damage. [demonic ancestry]
     6 | D        | Reached XP level 2. HP: 15/44 MP: 4/4
     6 | D        | Gained mutation: You have sharp fingernails. [demonic ancestry]
     6 | D        | Reached XP level 3. HP: 17/50 MP: 6/6
     6 | D        | Reached XP level 4. HP: 19/57 MP: 7/7
     6 | D        | Reached XP level 5. HP: 21/63 MP: 9/9
     6 | D        | Gained mutation: You have large cloven feet. [demonic ancestry]
     6 | D        | Reached XP level 6. HP: 23/70 MP: 10/10
     6 | D        | Gained mutation: You have very sharp fingernails. [demonic ancestry]
     6 | D        | Reached XP level 7. HP: 24/76 MP: 12/12
     6 | D        | Gained mutation: You sometimes gain power by taking damage. [demonic ancestry]
     6 | D        | Reached XP level 8. HP: 26/83 MP: 13/13
     6 | D        | Gained mutation: A weak demonic guardian rushes to your aid. [demonic ancestry]
     6 | D        | Reached XP level 9. HP: 27/89 MP: 14/14
     6 | D        | Gained mutation: You have hoof-like feet. [demonic ancestry]
     6 | D        | Reached XP level 10. HP: 29/96 MP: 16/16
     6 | D        | Gained mutation: You have a pair of small horns on your head. [demonic ancestry]
     6 | D        | Reached XP level 11. HP: 30/102 MP: 17/17
     7 | D        | Noticed a meat berserker
     9 | D        | Noticed a meat berserker
     9 | D        | Noticed a bag of meat
     9 | D        | Noticed a bag of meat
     9 | D        | Noticed a bag of meat
     9 | D        | Noticed a bag of meat
     9 | D        | Noticed a bag of meat
     9 | D        | Noticed a bag of meat
     9 | D        | Noticed a bag of meat
     9 | D        | Noticed a bag of meat
     9 | D        | Noticed a meat berserker
    10 | D        | Noticed a bag of meat
    10 | D        | Noticed a meat berserker
    11 | D        | Noticed a bag of meat
    11 | D        | Killed a meat berserker
    11 | D        | Acquired Makhleb's first power
    11 | D        | Reached skill level 17 in Fighting
    11 | D        | Reached skill level 15 in Armour
    11 | D        | Gained mutation: A demonic guardian rushes to your aid. [demonic ancestry]
    11 | D        | Reached XP level 12. HP: 13/114 MP: 18/18
    11 | D        | Killed a bag of meat
    11 | D        | Reached skill level 18 in Fighting
    11 | D        | Reached skill level 10 in Dodging
    11 | D        | Gained mutation: You have hooves in place of feet. [demonic ancestry]
    11 | D        | Reached XP level 13. HP: 68/124 MP: 19/19
    12 | D        | Noticed a bag of meat
    12 | D        | Killed a meat berserker
    12 | D        | Acquired Makhleb's second power
    12 | D        | Reached skill level 19 in Fighting
    13 | D        | Noticed a meat berserker
    13 | D        | Killed a meat berserker
    13 | D        | Reached skill level 20 in Fighting
    13 | D        | Reached XP level 14. HP: 133/136 MP: 20/20
    13 | D        | Killed a bag of meat
    13 | D        | Acquired Makhleb's third power
    13 | D        | Reached skill level 21 in Fighting
    13 | D        | Killed a bag of meat
    13 | D        | Reached skill level 22 in Fighting
    13 | D        | Reached XP level 15. HP: 145/148 MP: 21/21
    14 | D        | Killed a meat berserker
    14 | D        | Reached skill level 23 in Fighting
    14 | D        | Killed a bag of meat
    14 | D        | Acquired Makhleb's fourth power
    14 | D        | Killed a bag of meat
    14 | D        | Reached skill level 24 in Fighting
    14 | D        | Killed a bag of meat
    14 | D        | Acquired Makhleb's fifth power
    14 | D        | Reached skill level 25 in Fighting
    14 | D        | Reached XP level 16. HP: 160/162 MP: 21/21
    15 | D        | Killed a bag of meat
    15 | D        | Killed a bag of meat
    15 | D        | Reached skill level 26 in Fighting
    15 | D        | Reached skill level 15 in Dodging
    15 | D        | Noticed a bag of meat
    16 | D        | Killed a bag of meat
    17 | D        | Killed a meat berserker
    17 | D        | Reached skill level 27 in Fighting
    17 | D        | Gained mutation: You have a pair of horns on your head. [demonic ancestry]
    17 | D        | Reached XP level 17. HP: 172/174 MP: 22/22
    18 | D        | Noticed a bag of meat
    18 | D        | Noticed a bag of meat
    19 | D        | Killed a bag of meat
    19 | D        | Killed a bag of meat
    19 | D        | Reached skill level 27 in Axes
    19 | D        | Reached skill level 27 in Armour
    20 | D        | Noticed a bag of meat
    21 | D        | Noticed a large bag of meat
    21 | D        | Noticed a destroyer
    21 | D        | Killed a bag of meat
    22 | D        | Noticed a meat berserker
    22 | D        | Noticed a bag of meat
    22 | D        | Noticed a bag of meat
    23 | D        | Noticed a bag of meat
    23 | D        | Killed a large bag of meat
    23 | D        | Killed a bag of meat
    23 | D        | Gained mutation: You have a pair of large horns on your head. [demonic ancestry]
    23 | D        | Reached XP level 18. HP: 175/182 MP: 22/36
    24 | D        | Noticed a large bag of meat
    24 | D        | Noticed a meat berserker
    24 | D        | Noticed a destroyer
    24 | D        | Noticed a destroyer
    25 | D        | Killed a meat berserker
    25 | D        | Killed a bag of meat
    26 | D        | Noticed a bag of meat
    26 | D        | Killed a bag of meat
    26 | D        | Killed a bag of meat
    26 | D        | Reached skill level 27 in Invocations
    27 | D        | Killed a meat berserker
    27 | D        | Killed a bag of meat
    27 | D        | Reached skill level 27 in Dodging
    27 | D        | Gained mutation: You are robust (+10% HP). [demonic ancestry]
    27 | D        | Reached XP level 19. HP: 182/207 MP: 23/41
    27 | D        | Killed a bag of meat
    29 | D        | Killed a destroyer
    29 | D        | Reached skill level 10 in Throwing
    29 | D        | Reached skill level 10 in Unarmed Combat
    29 | D        | Reached skill level 10 in Conjurations
    30 | D        | Noticed a bag of meat
    30 | D        | Noticed a destroyer
    30 | D        | Noticed a meat berserker
    30 | D        | Killed a large bag of meat
    30 | D        | Killed a bag of meat
    33 | D        | Noticed a sculptor of flesh
    33 | D        | Noticed a destroyer
    33 | D        | Noticed a sculptor of flesh
    33 | D        | Noticed a bag of meat
    34 | D        | Noticed a sculptor of flesh
    34 | D        | Killed a destroyer
    34 | D        | Reached skill level 15 in Throwing
    34 | D        | Killed a bag of meat
    34 | D        | Reached XP level 20. HP: 216/216 MP: 35/41
    35 | D        | Noticed a meat berserker
    35 | D        | Killed a destroyer
    36 | D        | Noticed a sculptor of flesh
    36 | D        | Killed a meat berserker
    36 | D        | Killed a bag of meat
    37 | D        | Noticed a meat berserker
    38 | D        | Noticed a sculptor of flesh
    38 | D        | Noticed a destroyer
    38 | D        | Noticed a sculptor of flesh
    38 | D        | Noticed a meat berserker
    39 | D        | Noticed a bag of meat
    39 | D        | Noticed a bag of meat
    39 | D        | Killed a sculptor of flesh
    39 | D        | Killed a sculptor of flesh
    40 | D        | Killed a sculptor of flesh
    40 | D        | Killed a bag of meat
    41 | D        | Noticed a bag of meat
    41 | D        | Noticed a sculptor of flesh
    41 | D        | Killed a destroyer
    41 | D        | Gained mutation: You are very robust (+20% HP). [demonic ancestry]
    41 | D        | Reached XP level 21. HP: 216/244 MP: 37/42
    41 | D        | Killed a meat berserker
    41 | D        | Killed a meat berserker
    42 | D        | Noticed a large bag of meat
    42 | D        | Noticed a destroyer
    43 | D        | Killed a meat berserker
    44 | D        | Killed a destroyer
    44 | D        | Reached skill level 27 in Conjurations
    44 | D        | Killed a destroyer
    45 | D        | Noticed a meat berserker
    45 | D        | Killed a destroyer
    45 | D        | Reached skill level 27 in Throwing
    45 | D        | Reached skill level 27 in Unarmed Combat
    45 | D        | Killed a sculptor of flesh
    45 | D        | Killed a sculptor of flesh
    45 | D        | Reached skill level 5 in Stealth
    45 | D        | Reached skill level 5 in Spellcasting
    45 | D        | Reached XP level 22. HP: 254/254 MP: 38/42
    46 | D        | Noticed a tyrant
    47 | D        | Noticed a destroyer
    47 | D        | Killed a large bag of meat
    47 | D        | Killed a bag of meat
    48 | D        | Killed a bag of meat
    48 | D        | Killed a bag of meat
    49 | D        | Noticed a tyrant
    49 | D        | Killed a sculptor of flesh
    49 | D        | Reached skill level 10 in Spellcasting
    49 | D        | Reached skill level 27 in Poison Magic
    50 | D        | Noticed a large bag of meat
    50 | D        | Killed a meat berserker
    52 | D        | Noticed a meat berserker
    52 | D        | Killed a destroyer
    53 | D        | Killed a tyrant
    53 | D        | Reached skill level 15 in Stealth
    58 | D        | Noticed a tyrant
    60 | D        | Killed a meat berserker
    60 | D        | Gained mutation: You have claws for hands. [demonic ancestry]
    60 | D        | Reached XP level 23. HP: 262/262 MP: 43/45
    60 | D        | Killed a sculptor of flesh
    63 | D        | Killed a large bag of meat
    64 | D        | Noticed a tyrant
    65 | D        | Noticed a meat berserker
    67 | D        | Noticed a meat berserker
    68 | D        | Killed a tyrant
    69 | D        | Noticed a meat berserker
    70 | D        | Killed a meat berserker
    72 | D        | Noticed an accursed
    73 | D        | Noticed a meat beast
    74 | D        | Noticed an eight-headed meat hydra
    74 | D        | Killed a meat berserker
    77 | D        | Killed a meat beast
    77 | D        | Reached skill level 27 in Spellcasting
    78 | D        | Killed a tyrant
    78 | D        | Killed a tyrant
    78 | D        | Reached skill level 27 in Stealth
    79 | D        | Noticed a wretched soul
    79 | D        | Noticed a wretched soul
    79 | D        | Killed a meat berserker
    80 | D        | Noticed a wretched soul
    80 | D        | Noticed a meat berserker
    81 | D        | Noticed a wretched soul
    82 | D        | Noticed a bag of meat
    82 | D        | Noticed a meat berserker
    83 | D        | Noticed a bag of meat
    83 | D        | Killed a meat berserker
    83 | D        | Reached XP level 24. HP: 129/272 MP: 48/48
    84 | D        | Noticed a bag of meat
    84 | D        | Noticed a meat berserker
    84 | D        | Noticed a large bag of meat
    84 | D        | Killed a wretched soul
    85 | D        | Noticed a meat berserker
    85 | D        | Noticed a bag of meat
    86 | D        | Noticed a bag of meat
    86 | D        | Noticed a wretched soul
    86 | D        | Killed a wretched soul
    87 | D        | Killed a meat berserker
    88 | D        | Noticed a meat berserker
    88 | D        | Killed a wretched soul
    88 | D        | Killed a bag of meat
    89 | D        | Noticed a bag of meat
    89 | D        | Noticed a bag of meat
    89 | D        | Noticed a bag of meat
    90 | D        | Noticed a bag of meat
    90 | D        | Killed a meat berserker
    90 | D        | Killed a bag of meat
    90 | D        | Killed a bag of meat
    91 | D        | Killed a meat berserker
    92 | D        | Noticed a bag of meat
    92 | D        | Killed a large bag of meat
    92 | D        | Killed a bag of meat
    94 | D        | Killed a bag of meat
    94 | D        | Killed a bag of meat
    94 | D        | Killed a meat berserker
    95 | D        | Noticed a bag of meat
    96 | D        | Killed a bag of meat
    96 | D        | Killed a bag of meat
    96 | D        | Killed a bag of meat
    96 | D        | Gained mutation: A powerful demonic guardian rushes to your aid. [demonic ancestry]
    96 | D        | Reached XP level 25. HP: 201/280 MP: 49/49
    97 | D        | Noticed a bag of meat
    97 | D        | Noticed a wretched soul
    98 | D        | Noticed a bag of meat
    98 | D        | Noticed an observer
    98 | D        | Noticed an observer
    98 | D        | Killed a bag of meat
    98 | D        | Killed a bag of meat
   100 | D        | Killed a wretched soul
   101 | D        | Killed from afar by an observer

Action                   |  1- 3 |  4- 6 |  7- 9 | 10-12 | 13-15 | 16-18 | 19-21 | 22-24 | 25-27 || total
-------------------------+-------+-------+-------+-------+-------+-------+-------+-------+-------++-------
Melee: Executioner's axe |     1 |       |       |     1 |     3 |     9 |    12 |    26 |     2 ||    54
